 Dungeon Crawl Stone Soup version 0.15-a0-2172-g9ff0d5b (webtiles) character file.

217 Qrupt the Summoner (level 5, 0/28 HPs)
             Began as a Tengu Summoner on July 21, 2014.
             Was an Initiate of Kikubaaqudgha.
             Slain by a goblin
             ... wielding a cursed -2 club
              (2 damage)
             ... on Level 5 of the Dungeon.
             The game lasted 00:13:30 (4033 turns).

Qrupt the Summoner (Tengu Summoner)                 Turns: 4033, Time: 00:13:31

HP   0/28        AC  2     Str  8      XL: 5   Next: 94%
MP   2/11        EV 18     Int 17      God: Kikubaaqudgha [......]
Gold 173         SH  0     Dex 19      Spells:  3 memorised,  1 level left

rFire  . . .     SeeInvis .     g - +1 dagger (holy)
rCold  + . .     Clarity  .     a - +0 robe
rNeg   . . .     rCorr    .     (no shield)
rPois  .         rRot     .     (helmet restricted)
rElec  .         Spirit   .     (no cloak)
SustAb .         Warding  .     (no gloves)
rMut   .         Stasis   .     (boots unavailable)
Gourm  .                        (no amulet)
MR     .....                    (no ring)
                                d - ring of protection from cold

@: agile, very slightly contaminated, not resistant to hostile enchantments,
fairly stealthy
A: able to fly, beak, talons 3
a: Fly, Renounce Religion


You were on level 5 of the Dungeon.
You worshipped Kikubaaqudgha.
Kikubaaqudgha was noncommittal.
You were not hungry.

You visited 2 branches of the dungeon, and saw 6 of its levels.

You collected 173 gold pieces.

Inventory:

Hand weapons
 g - a +1 dagger of holy wrath (weapon)
Armour
 a - a +0 robe (worn)
 l - a +2 large shield
Comestibles
 c - 2 bread rations
 k - 3 meat rations
Scrolls
 e - a scroll of enchant weapon {unknown}
 h - 3 scrolls of identify
 o - a scroll of enchant armour {unknown}
 q - 2 scrolls of blinking {unknown}
Jewellery
 d - a ring of protection from cold (left hand)
 p - an uncursed amulet of rage {unknown}
 s - a +3 ring of protection {unknown}
Potions
 f - 4 potions of brilliance
Books
 b - a book of Callings

   Spells                             Type                      Level
   *Summon Small Mammal               Summoning                    1
   *Call Imp                          Summoning                    2
   Call Canine Familiar               Summoning                    3
   Summon Guardian Golem              Hexes/Summoning              4
   Summon Lightning Spire             Summoning/Air                4
   *Summon Ice Beast                  Ice/Summoning                4


   Skills:
 - Level 2.1 Dodging
 - Level 2.0 Stealth
 - Level 2.0 Spellcasting
 + Level 8.4 Summonings


You had one spell level left.
You knew the following spells:

 Your Spells              Type           Power        Failure   Level  Hunger
a - Summon Small Mammal   Summ           ####         1%          1    #......
b - Call Imp              Summ           ####....     1%          2    ###....
c - Summon Ice Beast      Ice/Summ       ###.....     38%         4    #####..


Dungeon Overview and Level Annotations

Branches:
Dungeon (5/15)             Temple (1/1) D:4

Altars:
Ashenzari
Dithmenos
Elyvilon
Fedhas
Gozag
Kikubaaqudgha
Makhleb
Nemelex Xobeh
Sif Muna
Trog
Vehumet
Xom
Yredelemnul
The Shining One

Annotations:
D:4 ghwc's ghost, experienced TrIE


Innate Abilities, Weirdness & Mutations

You can fly.
You have a beak for a mouth.
You have claws for feet.


Message History

The jackal closely misses you.
The worker ant waves its antennae.
You barely miss the jackal. You claw the jackal, but do no damage.
You peck the jackal.
The jackal is almost dead.
The bat skeleton closely misses you. The bat skeleton completely misses you.
The jackal misses you. The bat skeleton barely misses you.
You barely miss the jackal. You claw the jackal.
You kill the jackal!
Kikubaaqudgha accepts your kill. The bat skeleton closely misses you.
The bat skeleton hits you but does no damage.
The bat skeleton closely misses you.
You closely miss the goblin. Your peck misses the goblin.
The bat skeleton hits you.
* * * LOW HITPOINT WARNING * * *
The bat skeleton completely misses you. The bat skeleton misses you.
The goblin hits you with a club.
You die...
Kikubaaqudgha rasps: "You have failed me!
Welcome... death!"

......# ......#
......####
.........## #.#
#.....# #.#
#.....# #a#
#.....# #Z#
#.....#
#@###.<...#
#.g.......#
#####.........#
#.....#...#
#....####...
#.#.... .
#.#.....
#.#.....
#.#.....


You could see a worker ant, a goblin and a bat skeleton.

Vanquished Creatures
  An ogre (D:5)
  3 adders
  2 giant geckos
  2 giant cockroaches (D:2)
  4 goblins
  7 hobgoblins
  A jackal (D:5)
  9 kobolds
  8 bats
  3 giant newts
  7 rats
47 creatures vanquished.

Vanquished Creatures (collateral kills)
  An orc wizard (D:3)
  4 adders
  A worm (D:2)
  A giant gecko (D:1)
  An ooze (D:1)
  5 orcs (D:3)
  A giant cockroach (D:3)
  2 jackals (D:5)
  2 kobolds (D:1)
  3 bats
  3 giant newts
  A goblin (D:1)
  2 rats
27 creatures vanquished.

Vanquished Creatures (others)
  An ice beast (D:4)
  A crimson imp (D:4)
  An iron imp (D:3)
  A white imp (D:4)
  A quokka (D:1)
  A rat (D:1)
6 creatures vanquished.

Grand Total: 80 creatures vanquished

Notes
Turn   | Place    | Note
--------------------------------------------------------------
     0 | D:1      | Qrupt, the Tengu Summoner, began the quest for the Orb.
     0 | D:1      | Reached XP level 1. HP: 10/10 MP: 3/3
   135 | D:1      | Reached skill level 5 in Summonings
   238 | D:1      | Reached XP level 2. HP: 9/15 MP: 1/5
   389 | D:1      | Learned a level 2 spell: Call Imp
  1125 | D:2      | Reached XP level 3. HP: 16/19 MP: 7/7
  1157 | D:2      | Reached skill level 6 in Summonings
  2039 | D:2      | Reached XP level 4. HP: 20/24 MP: 8/8
  2494 | D:3      | Found a burning altar of Makhleb.
  2495 | D:3      | Found a glowing golden altar of the Shining One.
  2715 | D:3      | HP: 1/24 [goblin/ stone (9)]
  2880 | D:3      | Reached skill level 7 in Summonings
  2952 | D:3      | Learned a level 4 spell: Summon Ice Beast
  3292 | D:4      | Reached XP level 5. HP: 28/28 MP: 6/11
  3525 | D:4      | Found a staircase to the Ecumenical Temple.
  3534 | D:4      | Noticed a phantom
  3579 | Temple   | Entered the Ecumenical Temple
  3881 | Temple   | Became a worshipper of Kikubaaqudgha
  3943 | D:4      | Noticed ghwc's ghost (experienced TrIE)
  3943 | D:4      | Noticed an ogre
  3964 | D:5      | Entered Level 5 of the Dungeon
  3964 | D:5      | Noticed an ogre
  3978 | D:5      | Noticed an ogre
  4005 | D:5      | Killed an ogre
  4005 | D:5      | Reached skill level 8 in Summonings
  4033 | D:5      | Slain by a goblin

Action                   |  1- 3 |  4- 6 || total
-------------------------+-------+-------++-------
Melee: Unarmed           |    23 |       ||    23
       Dagger            |    56 |   125 ||   181
 Cast: Summon Small Mamm |     4 |       ||     4
       Call Imp          |     9 |    19 ||    28
       Summon Ice Beast  |       |     4 ||     4
  Use: Scroll            |       |     2 ||     2
       Potion            |       |     7 ||     7
 Stab: Sleeping          |     2 |     2 ||     4
  Eat: Chunk             |     4 |     5 ||     9
       Bread ration      |       |     1 ||     1
       Pizza             |       |     1 ||     1
